MLB
COLORADO ROCKIES @ LOS ANGELES DODGERS
08/29/2045
 
TOP OF THE 1ST
Colorado Rockies batting - Pitching for Los Angeles Dodgers : RHP Adrian Serratos
Pitching: RHP Adrian Serratos
Batting: SHB Jon Munoz 0-0: Ball
1-0: Ball
2-0: Called Strike
2-1: Foul Ball, location: 2F
2-2: Foul Ball, location: 2F
2-2: Foul Ball, location: 2F
2-2: Foul Ball, location: 2F
2-2: Foul Ball, location: 2F
2-2: Ball
3-2: Foul Ball, location: 2F
3-2: DOUBLE (Line Drive, 3D, EV 105.6 MPH)
Batting: RHB Chad Thompson 0-0: Ball
1-0: Called Strike
1-1: Ball
2-1: Foul Ball, location: 2F
2-2: 2-RUN HOME RUN (Flyball, 7D, EV 93.8 MPH), Distance : 364 ft
Batting: RHB Joel Haycock 0-0: Foul Ball, location: 2F
0-1: Swinging Strike
0-2: Foul Ball, location: 2F
0-2: Ball
1-2: Ball
2-2: Foul Ball, location: 2F
2-2: Ball
3-2: Base on Balls
Batting: SHB Chris Blue 0-0: Called Strike
0-1: Fly out, F8 (Flyball, 8LD, EV 104.4 MPH)
Batting: RHB Wen-hua Lei 0-0: Foul Ball, location: 2F
0-1: Called Strike
0-2: Strikes out swinging
Batting: RHB Jason Andrews 0-0: Ball
1-0: 2-RUN HOME RUN (Flyball, 7D, EV 102.5 MPH), Distance : 406 ft
Batting: RHB Leo Mair 0-0: Fly out, F8 (Flyball, 89D, EV 107.5 MPH)
Top of the 1st over - 4 runs, 3 hits, 0 errors, 0 left on base; Colorado 4 - Los Angeles 0
BOTTOM OF THE 1ST
Los Angeles Dodgers batting - Pitching for Colorado Rockies : LHP Adrian Hamilton
Pitching: LHP Adrian Hamilton
Batting: RHB Nate Taylor 0-0: Called Strike
0-1: Ball
1-1: Ball
2-1: Ball
3-1: Foul Ball, location: 2F
3-2: Foul Ball, location: 2F
3-2: Base on Balls
Batting: RHB Wing-kit Bu 0-0: Ball
1-0: Fly out, F8 (Line Drive, 8RM, EV 94.4 MPH)
Batting: LHB Lirak Bazhunaishvili 0-0: Ball
1-0: Called Strike
1-1: Foul Ball, location: 2F
1-2: Ball
2-2: SINGLE (Line Drive, 8RS, EV 106.9 MPH)
Nate Taylor to second
Batting: SHB Joel Baker 0-0: Ball
1-0: Ball
2-0: Fly out, F8 (Flyball, 8LD, EV 90.0 MPH)
Runner from 2nd tags up, SAFE at 3rd with throw by CF
Batting: RHB Tsutomu Irie 0-0: Ball
1-0: Swinging Strike
1-1: Foul Ball, location: 2F
1-2: Strikes out swinging
Bottom of the 1st over - 0 runs, 1 hit, 0 errors, 2 left on base; Colorado 4 - Los Angeles 0
TOP OF THE 2ND
Colorado Rockies batting - Pitching for Los Angeles Dodgers : RHP Adrian Serratos
Batting: RHB Roberto Rodriguez 0-0: Called Strike
0-1: Swinging Strike
0-2: Ball
1-2: Fly out, F7 (Flyball, 7, EV 83.8 MPH)
Batting: RHB Bobby Bowman 0-0: Swinging Strike
0-1: DOUBLE (Groundball, 5L, EV 109.4 MPH)
Batting: SHB Jon Munoz 0-0: Ball
1-0: Foul Ball, location: 2F
1-1: Swinging Strike
1-2: Ground out 6-3 (Groundball, 6, EV 108.1 MPH)
Batting: RHB Chad Thompson 0-0: Called Strike
0-1: Foul Ball, location: 2F
0-2: Ball
1-2: Strikes out swinging
Top of the 2nd over - 0 runs, 1 hit, 0 errors, 1 left on base; Colorado 4 - Los Angeles 0
BOTTOM OF THE 2ND
Los Angeles Dodgers batting - Pitching for Colorado Rockies : LHP Adrian Hamilton
Batting: RHB Danny Dyer 0-0: Ball
1-0: Ball
2-0: SINGLE (Line Drive, 56D, EV 106.9 MPH)
Batting: RHB Ben Mischnick 0-0: Grounds into double play, 6-4-3 (Groundball, 56, EV 78.8 MPH)
Batting: RHB John Manocchio 0-0: Ball
1-0: Fly out, F9 (Flyball, 9LM, EV 97.5 MPH)
Bottom of the 2nd over - 0 runs, 1 hit, 0 errors, 0 left on base; Colorado 4 - Los Angeles 0
TOP OF THE 3RD
Colorado Rockies batting - Pitching for Los Angeles Dodgers : RHP Adrian Serratos
Batting: RHB Joel Haycock 0-0: Called Strike
0-1: Ball
1-1: Ball
2-1: Ball
3-1: Foul Ball, location: 2F
3-2: Foul Ball, location: 2F
3-2: Ground out 6-3 (Groundball, 6, EV 88.1 MPH)
Batting: SHB Chris Blue 0-0: SOLO HOME RUN (Flyball, 7D, EV 97.5 MPH), Distance : 379 ft
Batting: RHB Wen-hua Lei 0-0: Foul Ball, location: 2F
0-1: Ball
1-1: Foul Ball, location: 2F
1-2: Foul Ball, location: 2F
1-2: Ball
2-2: SOLO HOME RUN (Flyball, 9LD, EV 89.4 MPH), Distance : 334 ft
Pitching: LHP Gabe Reyes
Batting: RHB Jason Andrews 0-0: Ball
1-0: Swinging Strike
1-1: Ball
2-1: Foul Ball, location: 2F
2-2: Ground out 5-3 (Groundball, 56, EV 93.1 MPH)
Batting: RHB Leo Mair 0-0: Ground out 4-3 (Groundball, 4M, EV 88.1 MPH)
Top of the 3rd over - 2 runs, 2 hits, 0 errors, 0 left on base; Colorado 6 - Los Angeles 0
BOTTOM OF THE 3RD
Los Angeles Dodgers batting - Pitching for Colorado Rockies : LHP Adrian Hamilton
Batting: LHB Chris Ringwood 0-0: Fly out, F5 (Flyball, 56D, EV 91.2 MPH)
Batting: RHB Nate Taylor 0-0: Foul Ball, location: 2F
0-1: Swinging Strike
0-2: Ground out 6-3 (Groundball, 6, EV 105.0 MPH)
Batting: RHB Wing-kit Bu 0-0: Swinging Strike
0-1: Ground out U3 (Groundball, 34, EV 99.4 MPH)
Bottom of the 3rd over - 0 runs, 0 hits, 0 errors, 0 left on base; Colorado 6 - Los Angeles 0
TOP OF THE 4TH
Colorado Rockies batting - Pitching for Los Angeles Dodgers : LHP Gabe Reyes
Batting: RHB Roberto Rodriguez 0-0: Called Strike
0-1: Ball
1-1: Ball
2-1: Swinging Strike
2-2: Foul Ball, location: 2F
2-2: Foul Ball, location: 2F
2-2: Strikes out swinging
Batting: RHB Bobby Bowman 0-0: SINGLE (Line Drive, 8RS, EV 106.9 MPH)
Batting: SHB Jon Munoz 0-0: Fielders Choice at 2nd, 6-4 (Groundball, 6M, EV 86.2 MPH)
Batting: RHB Chad Thompson 0-0: Called Strike
0-1: Ball
1-1: Ball
2-1: Ball
3-1: Ground out 5-3 (Groundball, 56S, EV 86.9 MPH)
Top of the 4th over - 0 runs, 1 hit, 0 errors, 1 left on base; Colorado 6 - Los Angeles 0
BOTTOM OF THE 4TH
Los Angeles Dodgers batting - Pitching for Colorado Rockies : LHP Adrian Hamilton
Batting: LHB Lirak Bazhunaishvili 0-0: Called Strike
0-1: Ground out 6-3 (Groundball, 6M, EV 103.1 MPH)
Batting: SHB Joel Baker 0-0: Ball
1-0: DOUBLE (Line Drive, 5D, EV 94.4 MPH)
Batting: RHB Tsutomu Irie 0-0: Called Strike
0-1: Called Strike
0-2: Ball
1-2: Ball
2-2: Ball
3-2: Foul Ball, location: 2F
3-2: Base on Balls
Batting: RHB Danny Dyer 0-0: Fly out, F9 (Flyball, 89D, EV 103.1 MPH)
Batting: RHB Ben Mischnick 0-0: Ball
1-0: Ball
2-0: 3-RUN HOME RUN (Flyball, 78XD, EV 108.8 MPH), Distance : 394 ft
Batting: RHB John Manocchio 0-0: Called Strike
0-1: Ball
1-1: Foul Ball, location: 2F
1-2: Ball
2-2: Ball
3-2: Foul Ball, location: 2F
3-2: Base on Balls
Batting: LHB Chris Ringwood 0-0: SINGLE (Groundball, 34D, EV 99.4 MPH)
John Manocchio to second
Runner from 2nd tries for 3rd, SAFE, no throw by RF
Batting: RHB Nate Taylor 0-0: Called Strike
0-1: Ground out 6-3 (Groundball, 56, EV 100.0 MPH)
Bottom of the 4th over - 3 runs, 3 hits, 0 errors, 2 left on base; Colorado 6 - Los Angeles 3
TOP OF THE 5TH
Colorado Rockies batting - Pitching for Los Angeles Dodgers : LHP Gabe Reyes
Batting: RHB Joel Haycock 0-0: Ball
1-0: Foul Ball, location: 2F
1-1: Ball
2-1: Foul Ball, location: 2F
2-2: Strikes out looking
Batting: SHB Chris Blue 0-0: Foul Ball, location: 2F
0-1: Ball
1-1: Swinging Strike
1-2: Foul Ball, location: 2F
1-2: Foul Ball, location: 2F
1-2: Ball
2-2: Fly out, F8 (Flyball, 8RM, EV 84.4 MPH)
Batting: RHB Wen-hua Lei 0-0: Foul Ball, location: 2F
0-1: Fly out, F7 (Flyball, 78D, EV 84.4 MPH)
Top of the 5th over - 0 runs, 0 hits, 0 errors, 0 left on base; Colorado 6 - Los Angeles 3
BOTTOM OF THE 5TH
Los Angeles Dodgers batting - Pitching for Colorado Rockies : LHP Adrian Hamilton
Batting: RHB Wing-kit Bu 0-0: Swinging Strike
0-1: Ball
1-1: Fly out, F9 (Flyball, 9LS, EV 95.0 MPH)
Batting: LHB Lirak Bazhunaishvili 0-0: Called Strike
0-1: SINGLE (Groundball, 56D, EV 96.9 MPH)
Batting: SHB Joel Baker 0-0: Ball
1-0: SINGLE (Flyball, 3D, EV 87.5 MPH)
Lirak Bazhunaishvili to second
Runner from 2nd tries for 3rd, SAFE, throw by RF made to third
Batting: RHB Tsutomu Irie 0-0: Ball
1-0: Foul Ball, location: 2F
1-1: Foul Ball, location: 2F
1-2: Strikes out swinging
Batting: RHB Danny Dyer 0-0: Foul Ball, location: 2F
0-1: Foul Ball, location: 2F
0-2: Ball
1-2: Ball
2-2: 3-RUN HOME RUN (Line Drive, 7LD, EV 91.9 MPH), Distance : 355 ft
Pitching: RHP Dave Alfonso
Pinch Hitting: SHB Carlos Rodriguez 0-0: Foul Ball, location: 2F
0-1: Fly out, F9 (Flyball, 9LM, EV 86.2 MPH)
Bottom of the 5th over - 3 runs, 3 hits, 0 errors, 0 left on base; Colorado 6 - Los Angeles 6
TOP OF THE 6TH
Colorado Rockies batting - Pitching for Los Angeles Dodgers : LHP Gabe Reyes
Now at 2B: Lirak Bazhunaishvili
Now at 3B: Tsutomu Irie
Now in CF: Carlos Rodriguez
Batting: RHB Jason Andrews 0-0: Swinging Strike
0-1: Called Strike
0-2: Ball
1-2: Strikes out looking
Pitching: RHP Chut-sai Teoh
Batting: RHB Leo Mair 0-0: Called Strike
0-1: Ball
1-1: Foul Ball, location: 2F
1-2: Foul Ball, location: 2F
1-2: Foul Ball, location: 2F
1-2: Foul Ball, location: 2F
1-2: Ball
2-2: Strikes out swinging
Batting: RHB Roberto Rodriguez 0-0: Called Strike
0-1: Swinging Strike
0-2: Ground out 5-3 (Groundball, 56, EV 102.5 MPH)
Top of the 6th over - 0 runs, 0 hits, 0 errors, 0 left on base; Colorado 6 - Los Angeles 6
BOTTOM OF THE 6TH
Los Angeles Dodgers batting - Pitching for Colorado Rockies : RHP Dave Alfonso
Batting: RHB John Manocchio 0-0: Foul Ball, location: 2F
0-1: Swinging Strike
0-2: Ball
1-2: Strikes out swinging
Batting: LHB Chris Ringwood 0-0: Called Strike
0-1: Ball
1-1: Fly out, F4 (Flyball, 34D, EV 85.6 MPH)
Batting: RHB Nate Taylor 0-0: Ball
1-0: Ball
2-0: Ball
3-0: Base on Balls
Batting: RHB Wing-kit Bu 0-0: Ground out U3 (Groundball, 3, EV 85.6 MPH)
Bottom of the 6th over - 0 runs, 0 hits, 0 errors, 1 left on base; Colorado 6 - Los Angeles 6
TOP OF THE 7TH
Colorado Rockies batting - Pitching for Los Angeles Dodgers : RHP Chut-sai Teoh
Batting: RHB Bobby Bowman 0-0: Ball
1-0: Ball
2-0: Ground out 6-3 (Groundball, 6, EV 94.4 MPH)
Batting: SHB Jon Munoz 0-0: Ball
1-0: Foul Ball, location: 2F
1-1: Fly out, F7 (Flyball, 7S, EV 84.4 MPH)
Batting: RHB Chad Thompson 0-0: Ground out 4-3 (Groundball, 4MS, EV 83.8 MPH)
Top of the 7th over - 0 runs, 0 hits, 0 errors, 0 left on base; Colorado 6 - Los Angeles 6
BOTTOM OF THE 7TH
Los Angeles Dodgers batting - Pitching for Colorado Rockies : RHP Dave Alfonso
Pitching: RHP Mike Chapman
Batting: LHB Lirak Bazhunaishvili 0-0: Ball
1-0: Foul Ball, location: 2F
1-1: Ball
2-1: Ball
3-1: Base on Balls
Batting: SHB Joel Baker 0-0: Called Strike
0-1: Ball
1-1: Foul Ball, location: 2F
1-2: Ball
2-2: Fly out, F6 (Flyball, 56D, EV 95.0 MPH)
Pinch Hitting: LHB Yasahiko Teshima 0-0: Ball
Lirak Bazhunaishvili is caught stealing 2nd base 2-6
1-0: Foul Ball, location: 2F
1-1: Ball
2-1: SINGLE (Line Drive, 3D, EV 95.0 MPH)
Batting: RHB Danny Dyer 0-0: Ball
1-0: Called Strike
1-1: Ball
2-1: Ball
Yasahiko Teshima steals 2nd base (no throw)
3-1: Called Strike
3-2: Strikes out looking
Bottom of the 7th over - 0 runs, 1 hit, 0 errors, 1 left on base; Colorado 6 - Los Angeles 6
TOP OF THE 8TH
Colorado Rockies batting - Pitching for Los Angeles Dodgers : RHP Chut-sai Teoh
Now at 3B: Isaiah Yarbrough
Batting: RHB Joel Haycock 0-0: Ball
1-0: Swinging Strike
1-1: Called Strike
1-2: Strikes out swinging
Batting: SHB Chris Blue 0-0: Ball
1-0: Foul Ball, location: 2F
1-1: Ball
2-1: DOUBLE (Flyball, 8LXD, EV 98.8 MPH)
Batting: RHB Wen-hua Lei 0-0: Ball
1-0: Foul Ball, location: 2F
1-1: Ball
2-1: Called Strike
2-2: Ground out 6-3 (Groundball, 6M, EV 87.5 MPH)
Chris Blue to third
Batting: RHB Jason Andrews 0-0: Ball
1-0: Ball
2-0: Foul Ball, location: 2F
2-1: Ball
3-1: Ground out 4-3 (Groundball, 4, EV 79.4 MPH)
Top of the 8th over - 0 runs, 1 hit, 0 errors, 1 left on base; Colorado 6 - Los Angeles 6
BOTTOM OF THE 8TH
Los Angeles Dodgers batting - Pitching for Colorado Rockies : RHP Mike Chapman
Pitching: LHP Bill Ogren
Pinch Hitting: RHB Clay Buchanan 0-0: Ground out 6-3 (Groundball, 6, EV 106.2 MPH)
Batting: RHB John Manocchio 0-0: Ground out 5-3 (Groundball, 56S, EV 80.6 MPH)
Batting: LHB Chris Ringwood 0-0: Ball
1-0: Foul Ball, location: 2F
1-1: SINGLE (Line Drive, 4MD, EV 108.1 MPH)
Batting: RHB Nate Taylor 0-0: Ball
1-0: Foul Ball, location: 2F
1-1: Ball
2-1: Called Strike
2-2: Ball
3-2: Foul Ball, location: 2F
3-2: Strikes out swinging
Bottom of the 8th over - 0 runs, 1 hit, 0 errors, 1 left on base; Colorado 6 - Los Angeles 6
TOP OF THE 9TH
Colorado Rockies batting - Pitching for Los Angeles Dodgers : RHP Chut-sai Teoh
Pitching: LHP Josh Ramirez
Now in CF: Clay Buchanan
Batting: RHB Leo Mair 0-0: Ball
1-0: Ball
2-0: Called Strike
2-1: Foul Ball, location: 2F
2-2: Ball
3-2: Foul Ball, location: 2F
3-2: Foul Ball, location: 2F
3-2: Fly out, F8 (Flyball, 8RS, EV 95.6 MPH)
Batting: RHB Roberto Rodriguez 0-0: Called Strike
0-1: Ball
1-1: Foul Ball, location: 2F
1-2: Strikes out swinging
Batting: RHB Bobby Bowman 0-0: Called Strike
0-1: Swinging Strike
0-2: Strikes out looking
Top of the 9th over - 0 runs, 0 hits, 0 errors, 0 left on base; Colorado 6 - Los Angeles 6
BOTTOM OF THE 9TH
Los Angeles Dodgers batting - Pitching for Colorado Rockies : LHP Bill Ogren
Pitching: RHP Travis Porter
Batting: RHB Wing-kit Bu 0-0: Foul Ball, location: 2F
0-1: Foul Ball, location: 2F
0-2: SINGLE (Groundball, 3D, EV 103.8 MPH)
Batting: LHB Lirak Bazhunaishvili 0-0: Ball
1-0: Foul Ball, location: 2F
1-1: Fly out, F6 (Popup, 6, EV 73.1 MPH)
Batting: SHB Joel Baker 0-0: Called Strike
0-1: Ball
1-1: Fielders Choice at 2nd, 4-6 (Groundball, 4, EV 82.5 MPH)
Batting: RHB Isaiah Yarbrough 0-0: Called Strike
Joel Baker steals 2nd base
0-1: Ground out 5-3 (Groundball, 56S, EV 90.6 MPH)
Bottom of the 9th over - 0 runs, 1 hit, 0 errors, 1 left on base; Colorado 6 - Los Angeles 6
TOP OF THE 10TH
Colorado Rockies batting - Pitching for Los Angeles Dodgers : LHP Josh Ramirez
Batting: SHB Jon Munoz 0-0: Foul Ball, location: 2F
0-1: Ball
1-1: Fly out, F5 (Popup, 5SF, EV 66.9 MPH)
Batting: RHB Chad Thompson 0-0: Ball
1-0: Foul Ball, location: 2F
1-1: Foul Ball, location: 2F
1-2: Ball
2-2: Strikes out swinging, 2-3 out at first.
Batting: RHB Joel Haycock 0-0: Fly out, F8 (Flyball, 89D, EV 98.8 MPH)
Top of the 10th over - 0 runs, 0 hits, 0 errors, 0 left on base; Colorado 6 - Los Angeles 6
BOTTOM OF THE 10TH
Los Angeles Dodgers batting - Pitching for Colorado Rockies : RHP Travis Porter
Pitching: RHP Mario Arce
Batting: RHB Danny Dyer 0-0: Ground out 1-3 (Groundball, P, EV 66.9 MPH)
Batting: RHB Clay Buchanan 0-0: Called Strike
0-1: Swinging Strike
0-2: Ball
1-2: Foul Ball, location: 2F
1-2: Ball
2-2: Foul Ball, location: 2F
2-2: Strikes out swinging
Batting: RHB John Manocchio 0-0: Ball
1-0: Ball
2-0: Called Strike
2-1: Fly out, F8 (Flyball, 8RS, EV 80.0 MPH)
Bottom of the 10th over - 0 runs, 0 hits, 0 errors, 0 left on base; Colorado 6 - Los Angeles 6
TOP OF THE 11TH
Colorado Rockies batting - Pitching for Los Angeles Dodgers : LHP Josh Ramirez
Batting: SHB Chris Blue 0-0: Ball
1-0: Ball
2-0: Ball
3-0: Base on Balls
Batting: RHB Wen-hua Lei 0-0: Called Strike
0-1: Ball
1-1: Ball
2-1: Ball
3-1: Fielders Choice at 2nd, 1-6 (Groundball, 13S, EV 65.0 MPH)
Batting: RHB Jason Andrews 0-0: Ball
1-0: Foul Ball, location: 2F
1-1: Ball
2-1: Foul Ball, location: 2F
2-2: Foul Ball, location: 2F
2-2: Strikes out swinging
Batting: RHB Leo Mair 0-0: Ball
1-0: Foul Ball, location: 2F
1-1: Ball
2-1: Ground out U3 (Groundball, 13, EV 88.1 MPH)
Top of the 11th over - 0 runs, 0 hits, 0 errors, 1 left on base; Colorado 6 - Los Angeles 6
BOTTOM OF THE 11TH
Los Angeles Dodgers batting - Pitching for Colorado Rockies : RHP Mario Arce
Batting: LHB Chris Ringwood 0-0: Called Strike
0-1: Ball
1-1: Fly out, F7 (Flyball, 7, EV 82.5 MPH)
Batting: RHB Nate Taylor 0-0: Called Strike
0-1: Ball
1-1: Swinging Strike
1-2: Strikes out looking
Batting: RHB Wing-kit Bu 0-0: Ball
1-0: Fly out, F6 (Popup, 4MS, EV 78.8 MPH)
Bottom of the 11th over - 0 runs, 0 hits, 0 errors, 0 left on base; Colorado 6 - Los Angeles 6
TOP OF THE 12TH
Colorado Rockies batting - Pitching for Los Angeles Dodgers : LHP Josh Ramirez
Pitching: RHP Michael Walsh
Pinch Hitting: LHB Fabiano Perrolas 0-0: Foul Ball, location: 2F
0-1: Ball
1-1: Swinging Strike
1-2: Ground out 4-3 (Groundball, 4, EV 86.9 MPH)
Pinch Hitting: SHB Dan Hill 0-0: Fly out, F9 (Flyball, 9, EV 92.5 MPH)
Batting: SHB Jon Munoz 0-0: Called Strike
0-1: Ground out 6-3 (Groundball, 6M, EV 93.1 MPH)
Top of the 12th over - 0 runs, 0 hits, 0 errors, 0 left on base; Colorado 6 - Los Angeles 6
BOTTOM OF THE 12TH
Los Angeles Dodgers batting - Pitching for Colorado Rockies : RHP Mario Arce
Now at C: Fabiano Perrolas
Now in CF: Kian-tat Chen
Batting: LHB Lirak Bazhunaishvili 0-0: Ball
1-0: Ball
2-0: Foul Ball, location: 2F
2-1: Foul Ball, location: 2F
2-2: Ground out 6-3 (Groundball, 6MS, EV 67.5 MPH)
Batting: SHB Joel Baker 0-0: Called Strike
0-1: Ball
1-1: Ground out 4-3 (Groundball, 4S, EV 85.6 MPH)
Batting: RHB Isaiah Yarbrough 0-0: Swinging Strike
0-1: SINGLE (Groundball, 4MS, EV 73.1 MPH) (infield hit)
Batting: RHB Danny Dyer 0-0: Called Strike
0-1: Ball
1-1: Called Strike
Isaiah Yarbrough is caught stealing 2nd base 2-4
Bottom of the 12th over - 0 runs, 1 hit, 0 errors, 0 left on base; Colorado 6 - Los Angeles 6
TOP OF THE 13TH
Colorado Rockies batting - Pitching for Los Angeles Dodgers : RHP Michael Walsh
Batting: RHB Chad Thompson 0-0: Called Strike
0-1: Swinging Strike
0-2: Ball
1-2: Ball
2-2: Ball
3-2: Base on Balls
Batting: RHB Joel Haycock 0-0: 2-RUN HOME RUN (Flyball, 89XD, EV 100.0 MPH), Distance : 414 ft
Batting: SHB Chris Blue 0-0: Called Strike
0-1: Ball
1-1: Foul Ball, location: 2F
1-2: Strikes out swinging
Batting: RHB Wen-hua Lei 0-0: Ball
1-0: Ball
2-0: Called Strike
2-1: Ball
3-1: Called Strike
3-2: Foul Ball, location: 2F
3-2: Strikes out swinging
Batting: RHB Jason Andrews 0-0: Ball
1-0: Ground out 6-3 (Groundball, 6S, EV 78.1 MPH)
Top of the 13th over - 2 runs, 1 hit, 0 errors, 0 left on base; Colorado 8 - Los Angeles 6
BOTTOM OF THE 13TH
Los Angeles Dodgers batting - Pitching for Colorado Rockies : RHP Mario Arce
Pitching: RHP Victor Walshe
Batting: RHB Danny Dyer 0-0: Called Strike
0-1: Ball
1-1: Ball
2-1: SINGLE (Groundball, 56D, EV 100.6 MPH)
Batting: RHB Clay Buchanan 0-0: Ball
1-0: Swinging Strike
1-1: Ball
2-1: Swinging Strike
2-2: Grounds into double play, 4-6-3 (Groundball, 4D, EV 99.4 MPH)
Batting: RHB John Manocchio 0-0: Foul Ball, location: 2F
0-1: Ball
1-1: Swinging Strike
1-2: Foul Ball, location: 2F
1-2: Strikes out looking
Bottom of the 13th over - 0 runs, 1 hit, 0 errors, 0 left on base; Colorado 8 - Los Angeles 6
Wednesday, June 22nd , 2022 - OOTP Baseball 23.4 Build 64